 Dungeon Crawl Stone Soup version 0.31.0-11-ge490571c62 (webtiles) character file.

Game seed: 7965727102554793149

1174 Arcadio the Magician (level 8, -4/41 HPs)
             Began as a Deep Elf Conjurer on Jan 29, 2024.
             Was an Initiate of Sif Muna.
             Slain by an elephant (17 damage)
             ... on level 8 of the Dungeon.
             The game lasted 00:11:18 (5616 turns).

Arcadio the Magician (Deep Elf Conjurer)            Turns: 5616, Time: 00:11:20

Health: -4/41      AC:  6    Str:  4    XL:     8   Next: 18%
Magic:  7/21       EV: 16    Int: 26    God:    Sif Muna [......]
Gold:   366        SH:  0    Dex: 19    Spells: 11/22 levels left

rFire   . . .        k - +9 whip "Garemuj" {holy, Will+}
rCold   . . .        (no shield)
rNeg    . . .        a - +0 robe
rPois   .            (no helmet)
rElec   .            d - +0 cloak
rCorr   .            (no gloves)
SInv    .            e - +2 pair of boots
Will    +....        (no amulet)
Stlth   ++           l - ring of wizardry
HPRegen 0.26/turn    u - +6 ring of dexterity
MPRegen 0.17/turn

%: wizardry (x1)
@: no status effects
A: no striking features
a: Renounce Religion


You were on level 8 of the Dungeon.
You worshipped Sif Muna.
Sif Muna was noncommittal.
You visited 2 branches of the dungeon, and saw 8 of its levels.

You collected 366 gold pieces.

Inventory:

Hand Weapons
 c - a +0 dagger
 k - the +9 whip "Garemuj" (weapon) {holy, Will+}
   (You took it off a kobold on level 2 of the Dungeon)

   Will+:     It increases your willpower.
Missiles
 t - a throwing net
Armour
 a - a +0 robe (worn)
 d - a +0 cloak (worn)
 e - a +2 pair of boots (worn)
Jewellery
 l - a ring of wizardry (left hand)
 u - a +6 ring of dexterity (right hand)
 z - an amulet of reflection
Wands
 o - a wand of mindburst (29)
 s - a wand of quicksilver (18)
 y - a wand of flame (38)
Scrolls
 f - 4 scrolls of identify {unknown}
 i - 2 scrolls of teleportation {unknown}
 m - a scroll of fog {unknown}
 n - a scroll of vulnerability {unknown}
 p - 2 scrolls of revelation {unknown}
 r - a scroll of summoning {unknown}
 w - 2 scrolls of enchant weapon {unknown}
 x - a scroll of poison {unknown}
Potions
 b - 2 potions of magic
 g - a potion of lignification {unknown}
 h - a potion of curing {unknown}
 j - 3 potions of attraction {unknown}
 q - a potion of heal wounds {unknown}
 v - 2 potions of degeneration {unknown}


   Skills:
 + Level 7.2 Dodging
 - Level 2.4 Stealth
 + Level 7.9 Spellcasting
 + Level 7.5 Conjurations


You had 11 spell levels left.
You knew the following spells:

 Your Spells              Type           Power      Damage    Failure   Level
a - Magic Dart            Conj           100%       1d8       1%          1
b - Searing Ray           Conj           98%        2d8       1%          2
c - Fulminant Prism       Conj/Alch      15%        3d10      4%          4
d - Iskenderun's Mystic   Conj/Tloc      30%        2d8       4%          4

Your spell library contained the following spells:

 Spells                   Type           Power      Damage    Failure   Level
 Sting                    Conj/Alch      100%       1d9       1%          1
 Necrotise                Necr           40%        1d6       2%          1
 Ensorcelled Hibernation  Hex/Ice        20%        N/A       3%          2
 Mercury Vapours          Alch/Air       20%        N/A       3%          2
 Passwall                 Erth           10%        N/A       7%          3
 Swiftness                Air            10%        N/A       7%          3
 Tukima's Dance           Hex            10%        N/A       7%          3
 Vampiric Draining        Necr           10%        2d6       7%          3
 Dimensional Bullseye     Hex/Tloc       5%         N/A       22%         4
 Martyr's Knell           Necr/Summ      10%        N/A       22%         4
 Olgreb's Toxic Radiance  Alch           10%        N/A       22%         4
 Curse of Agony           Necr           10%        N/A       52%         5


Dungeon Overview and Level Annotations

Branches:
Dungeon (8/15)             Temple (1/1) D:7
   Lair: D:8-11

Altars:
Ashenzari
Cheibriados
Elyvilon
Fedhas
Hepliaklqana
Kikubaaqudgha
Makhleb
Nemelex Xobeh
Okawaru
Qazlal
Sif Muna
Uskayaw
Vehumet
Xom
Yredelemnul
Zin
The Shining One

Shops:
D:1 (   D:3 (


Message History

The elephant misses you. x2
The searing ray hits the elephant.
The elephant is moderately wounded.
The elephant tramples you!
You stumble backwards!
The elephant closely misses you. x2
Casting: Searing Ray (safe; 1% risk of failure)
Confirm with . or Enter, or press ? or * to list all spells.
Aiming: Searing Ray (safe; 1% risk of failure)
Press: ? - help, Shift-Dir - straight line, f/p - elephant
Aim: an elephant (moderately wounded, 100% to hit)
The searing ray hits the elephant!
The elephant is heavily wounded. (Press . to maintain the ray.)
The elephant barely misses you. The elephant trunk-slaps you.
The searing ray hits the elephant!
The elephant is heavily wounded.
The elephant tramples you.
You stumble backwards!
The elephant tramples you!
You stumble backwards!
The elephant barely misses you. The elephant trunk-slaps you.
Casting: Searing Ray (safe; 1% risk of failure)
Confirm with . or Enter, or press ? or * to list all spells.
Aiming: Searing Ray (safe; 1% risk of failure)
Press: ? - help, Shift-Dir - straight line, f/p - elephant
Aim: an elephant (heavily wounded, 100% to hit)
The searing ray hits the elephant!
The elephant is severely wounded. (Press . to maintain the ray.)
The elephant tramples you.
You stumble backwards!
The elephant barely misses you. x2
The elephant tramples you.
You stumble backwards!
Casting: Searing Ray (safe; 1% risk of failure)
Confirm with . or Enter, or press ? or * to list all spells.
Aiming: Searing Ray (safe; 1% risk of failure)
Press: ? - help, Shift-Dir - straight line, f/p - elephant
Aim: an elephant (severely wounded, 100% to hit)
The searing ray hits the elephant!
The elephant is almost dead. (Press . to maintain the ray.)
The elephant tramples you!
You die...

#.####.############
#.##.#............# #......####
#.#..###########..# #......$...
#.#..# .........# #..........
#.#..#.# ...>.....# #..........
#.##.#.# ......#.####..........
#....#.# ....#......#..........
#.|#.#.# ....##.###.#......####
#..#.#.##....#@Y..........$...#
#..#.#.#.....#.#.##.####.......
##..#.#...# .......... .......
#......<..# #.#.#.##.#.#
.Y..... ##.##.....#
#...................
#.........#
#.(.................
#####..#..#
#.#........#........ #..#..#
#.......... ........ #..#..#


You could see an elephant.

Vanquished Creatures
  Eustachio (D:5)
  A sky beast (D:7)
  A black bear (D:4)
  A centaur (D:7)
  A phantom (D:4)
  2 scorpions (D:4)
  A jelly (D:7)
  An orc priest (D:4)
  A gnoll bouda (D:7)
  4 iguanas
  2 sleepcaps (D:7)
  2 orc wizards (D:7)
  Terence (D:2)
  Robin (D:4)
  7 adders
  5 gnolls (D:7)
  2 white imps (D:7)
  3 dart slugs
  A ribbon worm (D:3)
  20 orcs
  7 endoplasms
  A giant cockroach (D:1)
  20 goblins
  8 hobgoblins
  6 kobolds
  6 quokkas
  4 ball pythons
  8 bats
  4 frilled lizards
  A rat (D:3)
123 creatures vanquished.

Notes
Turn   | Place    | Note
-------+----------+-------------------------------------------
     0 | D:1      | Arcadio the Deep Elf Conjurer began the quest for the Orb.
     0 | D:1      | Reached XP level 1. HP: 10/10 MP: 6/6
   156 | D:1      | Reached XP level 2. HP: 15/15 MP: 4/8
   276 | D:1      | Found Mow Orph's Antique Weapon Shop.
   660 | D:1      | Reached XP level 3. HP: 19/19 MP: 1/10
   866 | D:2      | Noticed Terence
   985 | D:1      | Learned a level 2 spell: Searing Ray
   994 | D:2      | Killed Terence
  1302 | D:2      | Reached skill level 5 in Conjurations
  1388 | D:2      | Identified the +9 whip "Garemuj" {holy, Will+}
  1490 | D:2      | Reached XP level 4. HP: 17/24 MP: 10/12
  1667 | D:2      | Learned a level 4 spell: Fulminant Prism
  2546 | D:3      | Found Xaxki's Weapon Emporium.
  2761 | D:4      | Reached XP level 5. HP: 28/28 MP: 12/14
  3072 | D:4      | Reached skill level 5 in Spellcasting
  3388 | D:4      | Reached skill level 5 in Dodging
  3388 | D:4      | Reached XP level 6. HP: 32/32 MP: 11/16
  3824 | D:4      | Noticed Robin
  3832 | D:4      | Killed Robin
  4035 | D:4      | Reached XP level 7. HP: 36/36 MP: 12/18
  4262 | D:5      | Entered Level 5 of the Dungeon
  4326 | D:5      | Noticed Eustachio
  4338 | D:5      | Killed Eustachio
  4435 | D:5      | You fall into a shaft and drop 2 floors!
  4651 | D:7      | Found a radiant altar of Vehumet.
  4667 | D:7      | Reached XP level 8. HP: 32/41 MP: 10/21
  4872 | D:7      | Found a staircase to the Ecumenical Temple.
  4882 | Temple   | Entered the Ecumenical Temple
  4888 | Temple   | Became a worshipper of Sif Muna the Loreminder
  5032 | D:8      | Learned a level 4 spell: Iskenderun's Mystic Blast
  5596 | D:8      | Noticed an elephant
  5616 | D:8      | Slain by an elephant

Illustrated notes

Levels and vault maps discovered:
D:1:      psy_arrival_conway, layout_basic, serial_shops, shop,
          minmay_misc_feat_columns
D:2:      layout_loops_ring, chequers_serial_rivers_small_3, st_stairs_13,
          uniq_terence
D:3:      layout_basic, serial_shops, nicolae_shop_waterfront,
          chequers_serial_rivers_room_b
D:4:      layout_loops_ring, uniq_robin
D:5:      minmay_thinvault, layout_basic, mainiacjoe_overflow_alcove_4,
          kennysheep_mini, kennysheep_small_circle, uniq_eustachio
D:7:      layout_basic, vehumet_altar_wand_db, minmay_temple_entry_butterflies,
          enter_bailey_5, kennysheep_minor_cross,
          nicolae_concentric_dashed_squares_mild
D:8:      layout_basic, grunt_lair_entry_orc_guard_hut,
          chequers_decorated_corner, uniq_prince_ribbit1, uniq_joseph,
          uniq_erica
Temple:   nicolae_temple_x_marks_the_god

Skill      XL: |  1  2  3  4  5  6  7  8 |
---------------+-------------------------+-----
Dodging        | 3 4 5 6 7 |  7.2
Spellcasting   | 4 5 6 7 |  7.9
Conjurations   | 5 6 7 |  7.5
Stealth        | |  2.4

Action                     |  1- 3 |  4- 6 |  7- 9 || total
---------------------------+-------+-------+-------++-------
  Melee: Dagger            |    10 |       |       ||    10
         Whip              |     3 |    56 |    11 ||    70
   Cast: Magic Dart        |    44 |    50 |    14 ||   108
         Searing Ray       |     5 |    17 |    31 ||    53
   Stab: Sleeping          |     1 |     4 |     1 ||     6
 Armour: Robe              |    17 |    46 |    36 ||    99
  Dodge: Dodged            |    11 |    59 |    48 ||   118
